 Dungeon Crawl Stone Soup version 0.29-a0-298-g3c90f9a769 (webtiles) character file.

Game seed: 17385766885980631991

40 Dabor the Stinger (level 3, -1/28 HPs)
             Began as a Deep Elf Venom Mage on Mar 23, 2022.
             Succumbed to an adder's poison
             ... on level 3 of the Dungeon.
             The game lasted 00:02:23 (1752 turns).

Dabor the Stinger (Deep Elf Venom Mage)             Turns: 1752, Time: 00:02:24

Health: -1/28      AC: 21    Str:  5    XL:     3   Next: 30%
Magic:  5/10       EV:  2    Int: 21    God:
Gold:   112        SH:  0    Dex: 15    Spells: 6/9 levels left

rFire   . . .      SeeInvis .   (no weapon)
rCold   . . .      Faith    .   (no shield)
rNeg    . . .      Spirit   .   (body armour currently unavailable)
rPois   +          Reflect  .   (helmet currently unavailable)
rElec   .          Harm     .   (cloak currently unavailable)
rCorr   .          Rampage  .   (gloves currently unavailable)
Will    .....      NoTele   +   (boots currently unavailable)
Stlth   ++........              (no amulet)
HPRegen 0.09/turn               (no ring)
MPRegen 0.12/turn               (no ring)

@: lethally poisoned (-1 -> -12), tree-form, very slightly contaminated
A: stationary, stasis, torment immunity, boosted hp
a: no special abilities


You were on level 3 of the Dungeon.
You were a tree.
You visited 1 branch of the dungeon, and saw 3 of its levels.

You collected 112 gold pieces.

Inventory:

Armour
 a - a +0 robe (melded)
Scrolls
 d - a scroll of amnesia {unknown}
 e - a scroll of summoning {unknown}
 f - a scroll of torment {unknown}
 i - 2 scrolls of identify {unknown}
 j - a scroll of fog {unknown}
 k - a scroll of vulnerability {unknown}
 m - a scroll of teleportation {unknown}
Potions
 b - a potion of magic
 g - 2 potions of lignification
 h - a potion of berserk rage {unknown}
 l - a potion of curing {unknown}


   Skills:
 + Level 3.0 Dodging
 + Level 3.0 Stealth
 + Level 3.5 Spellcasting
 + Level 1.8 Transmutations
 + Level 3.6 Poison Magic


You had 6 spell levels left.
You knew the following spells:

 Your Spells              Type           Power      Damage    Failure   Level
a - Sting                 Tmut/Pois      60%        1d6       4%          1
b - Poisonous Vapours     Pois/Air       22%        N/A       9%          2

Your spell library contained the following spells:

 Spells                   Type           Power      Damage    Failure   Level
 Sandblast                Erth           6%         2d5       13%         1
 Passwall                 Tmut/Erth      5%         N/A       13%         2
 Mephitic Cloud           Conj/Pois/Air  8%         N/A       22%         3
 Olgreb's Toxic Radiance  Pois           19%        N/A       28%         4
 Dazzling Flash           Conj/Hex       6%         N/A       36%         3
 Stone Arrow              Conj/Erth      6%         3d7       36%         3
 Agony                    Necr           3%         N/A       98%         5
 Silence                  Hex/Air        1%         N/A       98%         5


Dungeon Overview and Level Annotations

Branches:
Dungeon (3/15)

Altars:


Message History

The adder is lightly wounded.
The adder bites you.
You are poisoned.
The adder poisons you!
You miscast Sting.
You are very lightly contaminated with residual magic.
Nothing appears to happen.
You feel sick. The adder bites you. x2
You are lethally poisoned!
The adder poisons you!
You are too injured to fight recklessly!
You are too injured to fight recklessly!
You are too injured to fight recklessly!
You are too injured to fight recklessly!
It was a potion of lignification.
You turn into a tree.
Your +0 robe melds into your body.
Your roots penetrate the ground.
You feel very sick. The adder bites you.
* * * LOW HITPOINT WARNING * * *
Casting: Sting (safe; 4% risk of failure)
Confirm with . or Enter, or press ? or * to list all spells.
Aiming: Sting (safe; 4% risk of failure)
Press: ? - help, Shift-Dir - straight line, f/p - adder
Aim: an adder (moderately wounded, very poisoned, 57% to hit)
The sting misses the adder.
* * * LOW HITPOINT WARNING * * *
You feel sick. The adder bites you but does no damage.
Casting: Sting (safe; 4% risk of failure)
Confirm with . or Enter, or press ? or * to list all spells.
Aiming: Sting (safe; 4% risk of failure)
Press: ? - help, Shift-Dir - straight line, f/p - adder
Aim: an adder (heavily wounded, very poisoned, 57% to hit)
The sting hits the adder.
The adder looks even sicker.
The adder is heavily wounded.
* * * LOW HITPOINT WARNING * * *
You feel sick. The adder bites you.
* * * LOW HITPOINT WARNING * * *
You are more poisoned.
The adder poisons you! The adder bites you but does no damage.
It was a potion of flight.
Your roots keep you in place.
You die...

## # .##### #.
.....# .#.#
####.....# ....#
#..♣S....#
......#.##.....#
#..#.#.########
##........#
......#.###
.##.......+ #
#...#.###
###.##.....###
......#..#...#


You could see an adder (very poisoned).

Vanquished Creatures
  An adder (D:2)
  A worm (D:2)
  An orc (D:2)
  2 ball pythons
  4 bats
  2 endoplasms
  A giant cockroach (D:1)
  2 hobgoblins (D:2)
  A quokka (D:2)
  2 goblins
  7 kobolds
  A rat (D:2)
25 creatures vanquished.

Notes
Turn   | Place    | Note
-------+----------+-------------------------------------------
     0 | D:1      | Dabor the Deep Elf Venom Mage began the quest for the Orb.
     0 | D:1      | Reached XP level 1. HP: 10/10 MP: 6/6
   407 | D:1      | You fall into a shaft and drop 1 floor!
   429 | D:2      | Reached XP level 2. HP: 14/15 MP: 0/8
   757 | D:2      | Learned a level 2 spell: Poisonous Vapours
   926 | D:2      | Reached XP level 3. HP: 16/19 MP: 1/9
  1751 | D:3      | HP: 1/28 [adder (2)]
  1752 | D:3      | Succumbed to an adder's poison

Illustrated notes

Levels and vault maps discovered:
D:1:      saegor_arrival_under_anarchy, layout_basic,
          chequers_ecumenical_altar_simple_redux, st_stairs_6
D:2:      layout_loops_ring
D:3:      minmay_goblin_kobold_castle, layout_loops_cross,
          okawaru_altar_gauntlet_db, mainiacjoe_overflow_six_doors_small

Skill      XL: |  1  2  3 |
---------------+----------+-----
Stealth        | 3 |  3.0
Dodging        | 3 |  3.0
Spellcasting   | |  3.5
Transmutations | |  1.8
Poison Magic   | |  3.6

Action                   || total
-------------------------++-------
 Cast: Sting             ||    69
       Poisonous Vapours ||     1
  Use: Potion            ||     2
Armor: Robe              ||     5
       Skin              ||     2
Dodge: Dodged            ||    20

Table legend: (Time is in decaauts)
 A = Elapsed time spent in this place.
 B = Non-inter-level travel time spent in this place.
 C = Inter-level travel time spent in this place.
 D = Time resting spent in this place.
 E = Time spent auto-exploring this place.
 F = Levels seen in this place.
 G = Mean time per level.
                   A        B        C        D        E       F      G
               +--------+--------+--------+--------+--------+-----+--------+
         Total |   1751 |   1736 |     15 |     56 |   1467 |   3 |  583.7 |
       Dungeon |   1751 |   1736 |     15 |     56 |   1467 |   3 |  583.7 |
               +--------+--------+--------+--------+--------+-----+--------+

Top non-repeatable levels by time:
     D:2: 1321 daAuts
     D:1: 407 daAuts
     D:3: 22 daAuts
